 Dungeon Crawl Stone Soup version 0.30-a0-782-ge64f9170bb (webtiles) character file.

Game seed: 14298136214873539697

466 Leeroy the Slasher (level 7, -2/34 (37) HPs)
             Began as a Vine Stalker Monk on Mar 6, 2023.
             Slain by a wight
             ... wielding a +5 hand axe
              (4 damage)
             ... on level 5 of the Dungeon.
             The game lasted 00:03:53 (3029 turns).

Leeroy the Slasher (Vine Stalker Monk)              Turns: 3029, Time: 00:03:54

HP:   -2/34 (37)    AC:  5    Str: 14    XL:     7   Next: 8%
MP:   0/8           EV: 13    Int: 10    God:
Gold: 117           SH:  0    Dex: 18    Spells: 5/6 levels left

rFire   . . .      SeeInvis .    y - +1 dagger (venom)
rCold   . . .      Faith    .    (no shield)
rNeg    + . .      Spirit   +    u - +2 robe of Demons {rN+}
rPois   .          Reflect  .    (no helmet)
rElec   .          Harm     .    (no cloak)
rCorr   .          Rampage  .    (no gloves)
Will    .....                    p - +0 pair of boots
Stlth   +                        (no amulet)
HPRegen 1.05/turn                (no ring)
MPRegen 0.11/turn                (no ring)

@: confused, ambrosia-drunk, drained
A: fangs 2, regeneration 1, magic shield, antimagic bite, no potion heal 2
a: no special abilities


You were on level 5 of the Dungeon.
You visited 1 branch of the dungeon, and saw 5 of its levels.

You collected 117 gold pieces.

Inventory:

Hand Weapons
 a - a +0 falchion
 y - a +1 dagger of venom (weapon)
Missiles
 s - 15 poisoned darts (quivered)
 x - 5 boomerangs
Armour
 b - a +0 robe
 p - a +0 pair of boots (worn)
 u - the +2 robe of Demons (worn) {rN+}
   (You found it on level 3 of the Dungeon)

   rN:        It protects you from negative energy.
Jewellery
 w - a ring of protection from fire
 z - a ring of protection from cold
Wands
 q - a wand of acid (13)
Scrolls
 d - a scroll of blinking {unknown}
 e - 2 scrolls of poison {unknown}
 f - 7 scrolls of identify {unknown}
 h - a scroll of immolation {unknown}
 i - a scroll of fog {unknown}
 k - 2 scrolls of teleportation {unknown}
 l - a scroll of fear {unknown}
 o - 2 scrolls of enchant armour {unknown}
 r - a scroll of vulnerability {unknown}
Potions
 g - a potion of curing {unknown}
 j - a potion of magic {unknown}
 m - a potion of haste {unknown}
 n - 2 potions of berserk rage {unknown}
 t - a potion of invisibility {unknown}
 v - a potion of cancellation {unknown}


   Skills:
 - Level 4.0 Fighting
 + Level 6.4 Long Blades
 - Level 2.4 Dodging
 - Level 2.4 Stealth


You had 5 spell levels left.
You knew the following spells:

 Your Spells              Type           Power      Damage    Failure   Level
a - Beastly Appendage     Tmut           0%         N/A       36%         1

Your spell library contained the following spells:

 Spells                   Type           Power      Damage    Failure   Level
 Wereblood                Tmut           0%         N/A       50%         2
 Spider Form              Tmut/Pois      0%         N/A       75%         3
 Alistair's Intoxication  Tmut/Pois      0%         N/A       100%        5
 Borgnjor's Vile Clutch   Necr/Erth      0%         N/A       100%        5
 Eringya's Noxious Bog    Tmut/Pois      0%         N/A       100%        6


Dungeon Overview and Level Annotations

Branches:
Dungeon (6/15)
 Temple: D:4-7

Altars:


Innate Abilities, Weirdness & Mutations

You have extremely sharp teeth.
Your natural rate of healing is unusually fast.
When hurt, damage is shared between your health and your magic reserves.
Your bite disrupts and absorbs the magic of your enemies.
Potions cannot restore your health.


Message History

The black bear growls angrily.
The hound barks!
The adder hisses angrily.
Found a ring of protection from cold.
Okay, then.
Okay, then.
You are confused.
Your system rejects the healing.
You feel invigorated. The wight hits you with a +5 hand axe!
* * * LOW HITPOINT WARNING * * *
You partially resist.
You feel drained.
* * * LOW HITPOINT WARNING * * *
You are too confused!
You closely miss the wight. Your bite misses the wight.
The hound barely misses you.
You miss the hound. You bite the hound. You drain its power.
You feel invigorated.
The hound is lightly wounded.
The hound bites you.
* * * LOW HITPOINT WARNING * * *
The wight hits you with a +5 hand axe!
* * * LOW HITPOINT WARNING * * *
You hit the hound. Your bite misses the hound.
The hound is moderately wounded.
The hound closely misses you. The wight completely misses you.
The hound closely misses you.
You miss the hound. Your bite misses the hound.
The hound is moderately wounded.
The adder misses you. The hound barely misses you.
The wight hits you with a +5 hand axe.
* * * LOW HITPOINT WARNING * * *
You partially resist.
You feel drained. The orc misses you.
You barely miss the adder. You bite the adder. You drain its power.
You feel invigorated.
The adder is heavily wounded.
The hound closely misses you. The adder barely misses you.
The wight hits you with a +5 hand axe.
* * * LOW HITPOINT WARNING * * *
The orc hits you with a +0 dagger.
You closely miss the black bear. The hound bites you but does no damage.
The adder misses you. The wight hits you with a +5 hand axe!
You die...

.# .# .##.#
#### ......
~...= ......
~....####......
.............
#####.o........
......h@S......
#.....hz.......
#..########.#..
# .. .


You could see a black bear, a hound, a wight, an adder and an orc.

Vanquished Creatures
  Grinder (D:3)
  A kobold brigand (D:6)
  A scorpion (D:6)
  Natasha (D:3)
  3 adders
  4 dart slugs
  3 orcs
  5 endoplasms
  3 giant cockroaches
  6 goblins
  8 hobgoblins
  6 jackals
  14 kobolds
  2 quokkas
  6 ball pythons
  4 bats
  2 frilled lizards (D:1)
  11 rats
81 creatures vanquished.

Notes
Turn   | Place    | Note
-------+----------+-------------------------------------------
     0 | D:1      | Leeroy the Vine Stalker Monk began the quest for the Orb.
     0 | D:1      | Reached XP level 1. HP: 11/11 MP: 2/2
    62 | D:1      | Reached skill level 3 in Long Blades
    82 | D:1      | Reached XP level 2. HP: 15/16 MP: 3/3
   373 | D:1      | Reached XP level 3. HP: 14/19 MP: 4/4
   751 | D:1      | Reached skill level 4 in Long Blades
  1133 | D:2      | Learned a level 1 spell: Beastly Appendage
  1378 | D:2      | Gained mutation: Your natural rate of healing is unusually
                  | fast. [Vine Stalker growth]
  1378 | D:2      | Reached XP level 4. HP: 18/24 MP: 5/5
  2113 | D:3      | Noticed Natasha
  2125 | D:3      | Killed Natasha
  2153 | D:3      | Identified the +2 robe of Demons {rN+}
  2287 | D:3      | Reached XP level 5. HP: 25/29 MP: 3/6
  2354 | D:3      | Noticed Grinder
  2370 | D:3      | Killed Grinder
  2371 | D:3      | Reached skill level 5 in Long Blades
  2371 | D:3      | Reached XP level 6. HP: 29/33 MP: 7/7
  2459 | D:3      | You fall into a shaft and drop 3 floors!
  2665 | D:6      | Reached skill level 6 in Long Blades
  2773 | D:6      | Reached XP level 7. HP: 37/37 MP: 8/8
  3022 | D:5      | Entered Level 5 of the Dungeon
  3025 | D:5      | HP: 1/35 [wight/+5 hand axe (7)]
  3029 | D:5      | Slain by a wight

Illustrated notes

Levels and vault maps discovered:
D:1:      saegor_arrival_simple_c, layout_basic
D:2:      layout_basic, small_statue_intersection
D:3:      minmay_skewed_foursquare, layout_loops_ring, uniq_natasha,
          uniq_grinder
D:5:      layout_basic, general_overflow_altar, portal_sewer_entry_f,
          amcnicky_mini_pool_small, serial_park_tiny_1,
          kennysheep_generic_room_4
D:6:      layout_basic, temple_green

Skill      XL: |  1  2  3  4  5  6 |
---------------+-------------------+-----
Long Blades    | 3 4 5 6 |  6.4
Fighting       | 3 4 |  4.0
Dodging        | |  2.4
Stealth        | |  2.4

Action                     |  1- 3 |  4- 6 |  7- 9 || total
---------------------------+-------+-------+-------++-------
  Melee: Falchion          |   119 |    60 |       ||   179
         Bite              |    21 |    25 |     3 ||    49
         Punch             |     2 |       |       ||     2
         Headbutt          |     2 |     7 |       ||     9
         Kick              |       |    11 |       ||    11
         Dagger            |       |    16 |    15 ||    31
   Cast: Beastly Appendage |     2 |    11 |       ||    13
    Use: Potion            |       |       |     1 ||     1
   Stab: Sleeping          |    11 |     6 |     2 ||    19
 Armour: Robe              |    21 |    15 |     2 ||    38
  Dodge: Dodged            |    88 |    46 |    14 ||   148

Table legend: (Time is in decaauts)
 A = Elapsed time spent in this place.
 B = Non-inter-level travel time spent in this place.
 C = Inter-level travel time spent in this place.
 D = Time resting spent in this place.
 E = Time spent auto-exploring this place.
 F = Levels seen in this place.
 G = Mean time per level.
                   A        B        C        D        E       F      G
               +--------+--------+--------+--------+--------+-----+--------+
         Total |   3041 |   2976 |     65 |     40 |   2328 |   5 |  608.2 |
       Dungeon |   3041 |   2976 |     65 |     40 |   2328 |   5 |  608.2 |
               +--------+--------+--------+--------+--------+-----+--------+

Top non-repeatable levels by time:
     D:2: 1009 daAuts
     D:1: 885 daAuts
     D:3: 582 daAuts
     D:6: 557 daAuts
     D:5: 5 daAuts
